General information
- name: BNet
- type: Ladder 1vs1/FFA
- host: Battle.net
- saver: duessues
map: TwistedMeadows
- players: 2
- length: 19:35
- speed: Fast
- version: 1.21 W3XP
- replay type: Public
» download(77 KB)
Players
team 1 (loser)
xE.Sun (
green | 96 APM | 1877 actions | 19:32)
3 Blood Mage
2 Banish
1 Siphon Mana
1 Mountain King
1 Storm Bolt
3 Paladin
2 Holy Light
1 Divine Shield
» actions
| Assign group hotkey | 31 | |
| Basic commands | 69 | |
| Build / train | 77 | |
| ESC pressed | 1 | |
| Enter build submenu | 35 | |
| Enter hero's abilities submenu | 7 | |
| Give item / drop item | 1 | |
| Right click | 816 | |
| Select / deselect | 421 | |
| Select group hotkey | 325 | |
| Use ability | 94 | |
1877 total
» units
| Peasant | 14 | |
| Footman | 10 | |
| Rifleman | 3 | |
| Mortar Team | 1 | |
| Sorceress | 2 | |
| Knight | 2 | |
| Flying Machine | 5 | |
| Goblin Shredder | 1 | |
38 total
» upgrades
| Defend | 1 | |
| Long Rifles | 1 | |
| Flare | 1 | |
| Sorceress Training | 1 | |
| Animal War Training | 1 | |
| Flak Cannons | 1 | |
| Masonry | 1 | |
| Flying Machine Bombs | 1 | |
8 total
» buildings
| Altar of Kings | 1 | |
| Farm | 12 | |
| Barracks | 1 | |
| Scout Tower | 7 | |
| Arcane Vault | 1 | |
| Arcane Tower | 1 | |
| Lumber Mill | 1 | |
| Keep | 4 | |
| Blacksmith | 1 | |
| Arcane Sanctum | 1 | |
| Castle | 1 | |
| Workshop | 2 | |
| Guard Tower | 6 | |
39 total
» build order
00:09 Altar of Kings
00:20 Farm
00:35 Barracks
00:49 Farm
01:37 Scout Tower
01:50 Arcane Vault
02:27 Arcane Tower
02:40 Farm
03:36 Lumber Mill
04:30 Keep
04:30 Keep
04:30 Keep
04:34 Farm
05:33 Blacksmith
05:53 Farm
05:55 Farm
06:28 Farm
08:42 Arcane Sanctum
08:44 Castle
08:48 Workshop
11:23 Farm
12:19 Workshop
12:33 Farm
12:57 Farm
13:21 Scout Tower
13:28 Scout Tower
13:30 Scout Tower
13:35 Scout Tower
13:43 Scout Tower
13:51 Farm
14:12 Guard Tower
14:59 Guard Tower
16:42 Guard Tower
18:10 Farm
18:12 Scout Tower
19:17 Guard Tower
19:18 Guard Tower
19:18 Guard Tower
» items
| Scroll of Regeneration | 3 | |
| Lesser Clarity Potion | 1 | |
| Potion of Lesser Invulnerability | 1 | |
5 total
team 2 (winner)
duessues (
red | 145 APM | 2834 actions | 19:35)
4 Death Knight
2 Death Coil
2 Unholy Aura
3 Lich
2 Frost Nova
1 Dark Ritual
» actions
| Assign group hotkey | 20 | |
| Basic commands | 71 | |
| Build / train | 42 | |
| ESC pressed | 4 | |
| Enter build submenu | 18 | |
| Enter hero's abilities submenu | 7 | |
| Right click | 1339 | |
| Select / deselect | 184 | |
| Select group hotkey | 1097 | |
| Use ability | 52 | |
2834 total
» units
| Acolyte | 4 | |
| Ghoul | 5 | |
| Crypt Fiend | 8 | |
| Frost Wyrm | 5 | |
22 total
» upgrades
| Burrow | 1 | |
| Web | 1 | |
| Creature Attack | 2 | |
| Creature Carapace | 1 | |
5 total
» buildings
| Crypt | 1 | |
| Altar of Darkness | 1 | |
| Ziggurat | 10 | |
| Tomb of Relics | 1 | |
| Graveyard | 1 | |
| Halls of the Dead | 1 | |
| Spirit Tower | 1 | |
| Sacrificial Pit | 1 | |
| Black Citadel | 1 | |
| Boneyard | 2 | |
20 total
» build order
00:17 Crypt
00:40 Altar of Darkness
00:43 Ziggurat
00:58 Tomb of Relics
01:13 Graveyard
01:56 Ziggurat
03:48 Ziggurat
03:52 Ziggurat
04:24 Halls of the Dead
05:10 Spirit Tower
05:51 Ziggurat
06:49 Sacrificial Pit
08:09 Black Citadel
09:12 Ziggurat
10:32 Boneyard
10:34 Boneyard
13:05 Ziggurat
13:06 Ziggurat
15:42 Ziggurat
16:24 Ziggurat
» items
| Rod of Necromancy | 1 | |
| Scroll of Town Portal | 2 | |
3 total
Chat log
(00:25 / All) xE.Sun: o_0
(00:31 / All) duessues: x_X
(19:32 / All) xE.Sun: what a joke